 Dungeon Crawl Stone Soup version 0.18-a0-1643-gb89d9db (webtiles) character file.

10627 MenacingMecha the Severer (level 11, -28/79 HPs)
             Began as a Hill Orc Berserker on Mar 28, 2016.
             Was an Elder of Trog.
             Killed from afar by a black draconian knight (39 damage)
             ... with a bolt of cold
             ... on level 2 of the Abyss.
             The game lasted 00:41:14 (11462 turns).

MenacingMecha the Severer (Hill Orc Berserker)     Turns: 11462, Time: 00:41:15

Health: -28/79     AC: 17    Str: 20 (21) XL:     11   Next: 65%
Magic:  11/11      EV:  7    Int:  7      God:    Trog [****..]
Gold:   697        SH:  0    Dex: 13      Spells: 0 memorised, 10 levels left

rFire  . . .     SeeInvis +     m - +2 battleaxe
rCold  . . .     Gourm    .     s - +0 plate armour
rNeg   + . .     Faith    .     (shield currently unavailable)
rPois  .         Spirit   .     F - +1 helmet
rElec  .         Dismiss  .     q - +2 cloak
rCorr  .         Reflect  .     e - +2 pair of gloves
SustAt .         Harm     .     A - +2 pair of boots
MR     .....                    (no amulet)
Stlth  ..........               u - ring of positive energy
                                j - ring of see invisible

@: exhausted, about to teleport, slowed, very slow, not resistant to hostile
enchantments, extremely unstealthy
A: blurry vision 2, deformed body, deterioration 2, frail 2
a: Berserk, Trog's Hand, Brothers in Arms, Burn Spellbooks, Renounce Religion


You were on level 2 of the Abyss.
You worshipped Trog.
Trog was greatly pleased with you.
You were not hungry.

You visited 1 branch of the dungeon, and saw 10 of its levels.
You visited the Abyss 1 time.

You collected 958 gold pieces.
You spent 261 gold pieces at shops.

Inventory:

Hand Weapons
 m - a +2 battleaxe (weapon)
Missiles
 O - 2 javelins (quivered)
Armour
 e - a +2 pair of gloves (worn)
 q - a +2 cloak (worn)
 s - a +0 plate armour (worn)
 A - a +2 pair of boots (worn)
 F - a +1 helmet (worn)
Jewellery
 j - a ring of see invisible (left hand)
 p - an uncursed ring of sustain attributes {unknown}
 u - a ring of positive energy (right hand)
 x - an uncursed amulet of dismissal
 C - an uncursed ring of fire
 M - an uncursed ring of ice
Wands
 n - a wand of teleportation (6/9)
 t - a wand of disintegration (11/24)
 I - a wand of iceblast (9/15)
 J - a wand of iceblast (8/15)
 L - a wand of digging (5/24)
Scrolls
 b - a scroll of fear
 f - 6 scrolls of identify
 g - 9 scrolls of recharging
 h - 3 scrolls of enchant armour
 o - a scroll of teleportation
 B - a scroll of magic mapping
 K - 3 scrolls of remove curse
Potions
 a - 6 potions of curing
 k - 2 potions of resistance
 l - 3 potions of lignification
 r - 2 potions of might
 v - a potion of haste
 w - 2 potions of brilliance
 z - 3 potions of heal wounds
 D - a potion of berserk rage {unknown}
 E - a potion of cure mutation
 G - 2 potions of agility
 P - a potion of flight
Books
 i - a book of Envenomations

   Spells                             Type                      Level
   a - Spider Form                    Transmutation/Poison         3
   b - Olgreb's Toxic Radiance        Poison                       4
   c - Alistair's Intoxication        Transmutation/Poison         5
   d - Poisonous Cloud                Conjuration/Poison/Air       6
   Trog disapproves of the use of such an item.
 y - a book of Necromancy

   Spells                             Type                      Level
   a - Pain                           Necromancy                   1
   b - Animate Skeleton               Necromancy                   1
   c - Vampiric Draining              Necromancy                   3
   d - Regeneration                   Charms/Necromancy            3
   e - Animate Dead                   Necromancy                   4
   f - Control Undead                 Necromancy                   4
   Trog disapproves of the use of such an item.
 N - an Akashic Record

   Spells                             Type                      Level
   a - Dispersal                      Translocation                6
   b - Malign Gateway                 Summoning/Translocation      7
   c - Disjunction                    Translocation                8
   d - Controlled Blink               Translocation                8
   Trog disapproves of the use of such an item.
Miscellaneous
 Q - a plain deck of defence
 R - a fan of gales
Comestibles
 c - 2 bread rations
 d - 8 meat rations
 H - 10 fruits


   Skills:
 - Level 10.0 Fighting
 + Level 18.4 Axes
 - Level 2.1 Armour
 - Level 5.3 Dodging


You had 10 spell levels left.
You didn't know any spells.

Dungeon Overview and Level Annotations

Branches:
Dungeon (10/15)            Temple (0/1) D:7            Lair (0/8) D:9
    Orc: D:9-12

Altars:
Dithmenos
Fedhas
Gozag
Kikubaaqudgha
Nemelex Xobeh
Okawaru
Pakellas
Qazlal
Ru
Vehumet
Yredelemnul
Zin
Beogh

Shops:
D:5 !   D:7 %   D:10 ?

Annotations:
D:10 Sonja


Innate Abilities, Weirdness & Mutations

[Scrolls take you longer to read.]
[Armour fits poorly on your strangely shaped body.]
[Your body often deteriorates upon taking damage.]
[You are very frail (-20% HP).]


Message History

You are no longer berserk.
You are exhausted.
You feel yourself slow down.
The black draconian knight casts a spell at you.
The bolt of cold hits you!
Your body deteriorates!
You feel weakened.
Read which item? (? for menu, Esc to quit)
Really read with blurry vision while enemies are nearby? [Y]es or [N]o only, please.
Really read with blurry vision while enemies are nearby?
You begin reading the scroll.
You continue reading the scroll.
The black draconian knight points at you and mumbles some strange words.
The shard of ice hits you!
* * * LOW HITPOINT WARNING * * *
As you read the scroll of teleportation, it crumbles to dust.
You feel strangely unstable.
You feel the power of the Abyss delaying your translocation!
The black draconian knight gestures at you while chanting.
The bolt of cold hits you!
You die...

# ## ### .# #.....#
#. .## # .... . ..
.Wx########.#
#.##.##..
.......##.. ......
#
#q#.W..#####.##.###
#...q..#.)...#
#..##....#.# # #.#
#.######.# #.#
#@....#..# #
#.######.# #.. ..
#... ..# #.##. #.#
#.# .# ... # #.#


You could see a black draconian knight and a shadow wraith (invisible).

Vanquished Creatures
  A thrashing horror (Abyss:2)
  A wretched star (Abyss:2)
  2 unseen horrors (D:10)
  4 hill giants
  A two-headed ogre (D:10)
  A large abomination (Abyss:2)
  3 wyverns
  A basilisk (D:9)
  15 yaks
  A hungry ghost (D:9)
  A hippogriff (D:10)
  2 sky beasts
  A black bear (D:9)
  A phantom (D:5)
  3 ogres
  A centaur (D:4)
  A crocodile (D:9)
  2 big kobolds
  7 giant frogs
  A wyvern skeleton (D:7)
  5 wights (D:6)
  8 killer bees (D:8)
  2 howler monkeys
  3 crimson imps
  2 quasits
  A giant frog zombie (D:8)
  2 hounds (D:6)
  A jelly (D:6)
  5 orc priests
  4 orc wizards
  A giant frog skeleton (D:5)
  2 iguanas (D:9)
  Terence (D:2)
  11 worker ants
  A small abomination (Abyss:2)
  2 hound skeletons
  2 worker ant zombies
  A howler monkey zombie (D:6)
  9 gnolls (D:4)
  A howler monkey skeleton (D:6)
  4 adders
  4 river rats (D:9)
  2 shadow imps (D:6)
  2 oozes
  An adder zombie (D:9)
  A worm (D:3)
  A dart slug (D:3)
  7 giant geckos
  22 orcs
  6 bats
  6 giant cockroaches
  33 goblins
  20 hobgoblins
  7 jackals
  4 quokkas
  3 ball pythons
  5 giant newts
  2 jackal zombies
  22 kobolds
  A quokka skeleton (D:4)
  5 rats
  A fungus (D:1)
273 creatures vanquished.

Vanquished Creatures (collateral kills)
  A yak (D:9)
  Eustachio (D:5)
  A porcupine (D:9)
  A crocodile (D:9)
  A killer bee (D:8)
  A worker ant (D:5)
  2 orcs (D:5)
8 creatures vanquished.

Vanquished Creatures (others)
  A bush (D:9)
  2 fungi (D:9)
  6 plants (D:9)
9 creatures vanquished.

Grand Total: 290 creatures vanquished

Notes
Turn   | Place    | Note
--------------------------------------------------------------
     0 | D:1      | MenacingMecha the Hill Orc Berserker began the quest for the Orb.
     0 | D:1      | Reached XP level 1. HP: 19/19 MP: 1/1
   258 | D:1      | Reached XP level 2. HP: 19/26 MP: 2/2
   497 | D:1      | Reached skill level 5 in Axes
   876 | D:2      | Noticed Terence
   916 | D:2      | Reached ** piety under Trog
  1012 | D:2      | Reached XP level 3. HP: 29/31 MP: 3/3
  1143 | D:2      | Killed Terence
  1143 | D:2      | Reached skill level 6 in Axes
  1482 | D:2      | Reached XP level 4. HP: 39/39 MP: 4/4
  1838 | D:3      | Found a sparkling altar of Nemelex Xobeh.
  2044 | D:2      | Reached skill level 7 in Axes
  2044 | D:2      | Reached XP level 5. HP: 41/45 MP: 5/5
  2289 | D:3      | Found a radiant altar of Vehumet.
  2356 | D:3      | Found a sacrificial altar of Ru.
  2357 | D:3      | Noticed a sky beast
  2759 | D:4      | Noticed a centaur
  2768 | D:4      | Reached skill level 8 in Axes
  2780 | D:4      | Killed a centaur
  2780 | D:4      | Reached skill level 9 in Axes
  2780 | D:4      | Reached XP level 6. HP: 28/51 MP: 6/6
  3000 | D:4      | Reached *** piety under Trog
  3158 | D:4      | Received a gift from Trog
  3371 | D:4      | Reached **** piety under Trog
  3371 | D:4      | Reached XP level 7. HP: 60/60 MP: 7/7
  3739 | D:4      | Reached skill level 5 in Fighting
  3992 | D:5      | Entered Level 5 of the Dungeon
  4102 | D:5      | Found an opulent altar of Gozag.
  4133 | D:5      | Found a stormy altar of Qazlal.
  4191 | D:5      | Reached skill level 10 in Axes
  4224 | D:5      | Found Oprats's Distillery.
  4232 | D:5      | Bought 2 potions of mutation for 60 gold pieces
  4232 | D:5      | Bought a potion of degeneration for 12 gold pieces
  4232 | D:5      | Bought a potion of curing for 36 gold pieces
  4232 | D:5      | Bought a potion of might for 48 gold pieces
  4283 | D:5      | Found a basalt altar of Yredelemnul.
  4283 | D:5      | Noticed Eustachio
  4298 | D:5      | Killed Eustachio
  4592 | D:5      | Found a blossoming altar of Fedhas.
  4918 | D:6      | Reached XP level 8. HP: 57/68 MP: 8/8
  5023 | D:6      | Reached skill level 11 in Axes
  5053 | D:6      | Noticed a hill giant
  5328 | D:6      | Reached skill level 12 in Axes
  5549 | D:6      | Killed a hill giant
  5549 | D:6      | Reached skill level 13 in Axes
  5550 | D:6      | Reached XP level 9. HP: 33/74 MP: 9/9
  6268 | D:7      | Reached skill level 14 in Axes
  6509 | D:7      | Found an ancient bone altar of Kikubaaqudgha.
  6522 | D:7      | Found a staircase to the Ecumenical Temple.
  6567 | D:7      | Found an iron altar of Okawaru.
  6605 | D:7      | Found an oddly glowing altar of Pakellas.
  6749 | D:7      | Found a glowing silver altar of Zin.
  6799 | D:7      | Found Bajecw's Food Emporium.
  7217 | D:8      | Reached skill level 15 in Axes
  8353 | D:9      | Found a shadowy altar of Dithmenos.
  8465 | D:9      | Reached XP level 10. HP: 84/84 MP: 10/10
  8549 | D:9      | Found a staircase to the Lair.
  8600 | D:9      | Reached skill level 5 in Dodging
  9582 | D:9      | Found a roughly hewn altar of Beogh.
  9877 | D:9      | Reached skill level 16 in Axes
 10104 | D:3      | Reached skill level 10 in Fighting
 10394 | D:10     | Entered Level 10 of the Dungeon
 10406 | D:10     | Reached XP level 11. HP: 96/99 MP: 11/11
 10408 | D:10     | Noticed a hill giant
 10411 | D:10     | Killed a hill giant
 10424 | D:10     | Noticed a hill giant
 10427 | D:10     | Noticed an unseen horror
 10433 | D:10     | Killed a hill giant
 10441 | D:10     | Killed an unseen horror
 10441 | D:10     | Reached skill level 17 in Axes
 10526 | D:10     | Noticed an unseen horror
 10689 | D:10     | Killed an unseen horror
 10735 | D:10     | Found Uroethry's Magic Scroll Shop.
 10743 | D:10     | Bought a scroll of enchant weapon for 105 gold pieces
 10754 | D:10     | Noticed a hill giant
 10762 | D:10     | Killed a hill giant
 11155 | D:10     | Noticed Sonja
 11171 | D:10     | Cast into level 2 of the Abyss (Sonja)
 11203 | Abyss:2  | Noticed a thrashing horror
 11216 | Abyss:2  | Killed a thrashing horror
 11216 | Abyss:2  | Reached skill level 18 in Axes
 11223 | Abyss:2  | Noticed a starcursed mass
 11323 | Abyss:2  | Noticed a wretched star
 11336 | Abyss:2  | Killed a wretched star
 11456 | Abyss:2  | Noticed a shadow wraith
 11456 | Abyss:2  | Noticed a black draconian knight
 11462 | Abyss:2  | Killed from afar by a black draconian knight

Vault maps used:
D:1:      wheals_arrival_linesprint, minmay_gold_behind_fungi
D:2:      grunt_decor_clamped, uniq_terence
D:3:      lemuel_doored_altar, nicolae_overflow_crystal_walls,
          lemuel_coloured_pillars_altar, first_bread
D:4:      minmay_goblin_kobold_castle, st_stairs_3
D:5:      fedhas_altar_4, overflow_temple_1_default, yredelemnul_altar_generic,
          nicolae_gozag_seed_capital, serial_shops, shop, nrook_mini_backslash,
          uniq_eustachio
D:6:      hangedman_cross_stitches
D:7:      zin_statuary, overflow_temple_1_default, kiku_gazebo_pond_becter,
          lemuel_round_altar, minmay_temple_entry_trees, serial_shops, shop
D:9:      nicolae_dithmenos_the_darkroom, minmay_lair_entry_grove, serial_glass,
          glass_columns_a, glass_columns_c, david_defended_altar_orc
D:10:     serial_shops, shop, uniq_sonja
Abyss:2:  hangedman_abyss_or_decor_clamps, evilmike_abyss_exit_8

Skill      XL: |  1  2  3  4  5  6  7  8  9 10 11 |
---------------+----------------------------------+-----
Axes           | 5 6 7 9 10 13 15 16 18 | 18.4
Dodging        | 2 3 5 |  5.3
Fighting       | 4 5 6 10 | 10.0
Armour         | |  2.1

Action                   |  1- 3 |  4- 6 |  7- 9 | 10-12 || total
-------------------------+-------+-------+-------+-------++-------
Melee: Hand axe          |   130 |    31 |       |       ||   161
       War axe           |       |   163 |   148 |       ||   311
       Battleaxe         |       |       |   243 |   261 ||   504
Throw: Javelin           |       |       |     4 |    14 ||    18
Invok: Berserk           |     1 |     1 |     2 |     4 ||     8
       Brothers in Arms  |       |       |     3 |     2 ||     5
       Trog's Hand       |       |       |       |     1 ||     1
Evoke: Wand              |       |       |     2 |     1 ||     3
  Use: Potion            |     1 |       |     9 |     1 ||    11
       Scroll            |       |       |    13 |     3 ||    16
  Eat: Chunk             |     3 |     7 |    17 |     7 ||    34
       Bread ration      |       |       |     1 |     1 ||     2
       Royal jelly       |       |       |       |     1 ||     1
       Pizza             |       |       |       |     1 ||     1
